[Event "*** Titled Tuesday Blitz"]
[Site "Chess.com"]
[Date "2020.11.24"]
[Round "10"]
[White "Aureliano-Buendia"]
[Black "SchieberSpieler"]
[Result "0-1"]
[WhiteElo "2473"]
[BlackElo "2364"]
[TimeControl "180+1"]
[EndTime "12:14:00 PST"]
[Termination "SchieberSpieler won by resignation"]

1. Nf3 d5 2. d4 Nf6 3. c4 e6 4.
Nc3 c5 5. g3 cxd4 6. Nxd4 e5 7.
Nf3 d4 8. Nxe5 Nc6 9. Nxc6 bxc6 10.
Nb1 Be6 11. Qa4 Qd7 12. Bg2 Rc8 13. O-O Be7 14. Nd2 O-O 15. Nb3 c5 16. Qxd7 Nxd7 17. Nd2 Ne5 18. b3 Rfd8 19. Bb2 Nc6 20. Nf3 a5 21. Bc1 Rd7 22. Ne1 a4 23. Nd3 Na5 24. Bd2 Ra7 25. Rfb1 Rb8 26. Bd5 Bxd5 27. cxd5 Bd6 28. b4 cxb4 29. Bxb4 Bxb4 30. Rxb4 Rxb4 31. Nxb4 Kf8 32. Rc1 Rb7 33. a3 Nb3 34. Rc4 Ke7 35.
Nc6+ Kd6 36. Nxd4 Kxd5 37. Nxb3 axb3 38. Rc1 b2 39. Rb1 Kc4 40. a4 Kc3 41. a5 Ra7 0-1

[Event "*** Titled Tuesday Blitz"]
[Site "Chess.com"]
[Date "2020.11.24"]
[Round "10"]
[White "Piotrek1979"]
[Black "lucachess49"]
[Result "1-0"]
[WhiteElo "2501"]
[BlackElo "2343"]
[TimeControl "180+1"]
[EndTime "12:14:00 PST"]
[Termination "Piotrek1979 won by resignation"]

1. Nf3 Nf6 2. c4 e6 3. g3 d5 4. Bg2 c5 5. O-O Nc6 6. cxd5 Nxd5 7. b3 Be7 8. Bb2 O-O 9. a3 Bf6 10. Nc3 Nxc3 11. Bxc3 Bxc3 12. dxc3 e5 13. Nd2 Be6 14. Qc2 Qc7 15. Rfd1 Rfd8 16. Nc4 Bxc4 17. bxc4 Na5 18. Bd5 Rd6 19. Rab1 Rad8 20. e4 b6 21. Rd3 Qd7 22.
Rbd1 h5 23. Qe2 g6 24. Bxf7+ Kxf7 25. Rxd6 Qxd6 26. Rxd6 Rxd6 27. f4 Ke6 28. Kg2 Nb3 29. f5+ Kf6 30. Qe3 g5 31. h4 Rd2+ 32. Kf1 Rd1+ 33.
Ke2 Rd2+ 34. Ke1 gxh4 35. Qh6+ Kf7 36. Qxh5+ Kf8 37. Qh6+ Kf7 38. Qe6+ Kf8 39. Qf6+ Kg8 40. gxh4 Rh2 41. Qxe5 Nc1 42. Qxh2 1-0

[Event "*** Titled Tuesday Blitz"]
[Site "Chess.com"]
[Date "2020.11.24"]
[Round "10"]
[White "Forantes"]
[Black "ShahMatKanal"]
[Result "0-1"]
[WhiteElo "2367"]
[BlackElo "2510"]
[TimeControl "180+1"]
[EndTime "12:14:01 PST"]
[Termination "ShahMatKanal won by checkmate"]

1. Nf3 Nf6 2. g3 d5 3. Bg2 e6 4. O-O Be7 5. d4 O-O 6. c4 c6 7.
Nc3 Nbd7 8. Nd2 b6 9. e4 Bb7 10.
Re1 Rc8 11. e5 Ne8 12. Qg4 Nc7 13. b3 Re8 14. Bb2 Bb4 15. a3 Bxc3 16. Bxc3 c5 17. Rad1 Qe7 18. dxc5 Nxc5 19. b4 Na4 20. Bd4 Ba6 21.
cxd5 Nxd5 22. Bxd5 exd5 23. e6 f6 24. Nf3 Rc6 25. Re3 Rxe6 26. Rde1 Bc8 27. Rxe6 Bxe6 28. Qh5 Qf7 29. Qh4 Bd7 30. Rc1 Rc8 31. Re1 Nc3 32. Bxc3 Rxc3 33. Nd4 Rc4 34. Qf4 g5 35. Qb8+ Kg7 36. Nf3 Bg4 37. Qd6 Bxf3 38. h4 gxh4 39. Re7 Rc1+ 40. Kh2 Rh1# 0-1

[Event "*** Titled Tuesday Blitz"]
[Site "Chess.com"]
[Date "2020.11.24"]
[Round "10"]
[White "VladaSviridova"]
[Black "BillCoe"]
[Result "1-0"]
[WhiteElo "2283"]
[BlackElo "2081"]
[TimeControl "180+1"]
[EndTime "12:14:01 PST"]
[Termination "VladaSviridova won by resignation"]

1. d4 e6 2. c4 f5 3. Nf3 Nf6 4. g3 Be7 5. Bg2 O-O 6. O-O d6 7. Nc3 Ne4 8. Qc2 Nxc3 9. bxc3 Bf6 10. Rd1 Qe8 11. a4 a5 12. Ba3 Qh5 13. c5 d5 14.
c6 Rf7 15. cxb7 Bxb7 16. e3 Nd7 17. Rab1 Nb6 18. Bc5 Ra6 19. Rb2 Bc6 20. Bxb6 Rxb6 21.
Rdb1 Rxb2 22. Rxb2 g5 23. Rb8+ Kg7 24. Ne1 f4 25.
exf4 gxf4 26. Bf3 Qg5 27. h4 Qh6 28. Ng2 fxg3 29. fxg3 Be7 30. Nf4 Rxf4 31. gxf4 Qxf4 32. Qg2+ Kh6 33. Rg8 Bf6 34. Qg4 Qc1+ 35. Kg2 Qd2+ 36. Kh3 Be8 37. Rxe8 Qf2 38. Rg8 Qf1+ 39. Bg2 Qd3+ 40.
Kh2 Qf5 41. Qxf5 1-0

[Event "*** Titled Tuesday Blitz"]
[Site "Chess.com"]
[Date "2020.11.24"]
[Round "10"]
[White "tan275"]
[Black "AniJak"]
[Result "0-1"]
[WhiteElo "2192"]
[BlackElo "2329"]
[TimeControl "180+1"]
[EndTime "12:14:02 PST"]
[Termination "AniJak won on time"]

1. d4 d5 2. c4 c6 3. Nf3 Nf6 4. g3 dxc4 5. Bg2 b5 6. O-O Bb7 7. a4 a6 8. Ne5 e6 9. Nc3 b4 10. Ne4 Nxe4 11. Bxe4 Nd7 12. Nxc4 Be7 13. Qc2 O-O 14.
Bxh7+ Kh8 15. Be4 Nf6 16. Bf3 Qxd4 17. Na5 Rab8 18. Be3 Qe5 19. Nxb7 Rxb7 20. Bxc6 b3 21. Qc1 Rb4 22. Bf4 Qh5 23. Bf3 Qh3 24. Bg2 Qh5 25.
Qd2 Ng4 26. h3 Nf6 27. Bd6 Bxd6 28. Qxd6 Rbb8 29. Rac1 Qxe2 30. Rfe1 Qxb2 31. Qxa6 Qa3 32. Rb1 b2 33. a5 Nd7 34. Qe2 Nc5 35. Qh5+ Kg8 36.
a6 Nxa6 37. Be4 f5 38. Bc2 Nc5 39. Qg6 Rf6 40. Qg5 Qc3 41. Qf4 Rbf8 42. Re2 Na6 43. Qa4 Nb4 44. Qb3 Qc5 45. Rxe6 Rxe6 46. Qxe6+ Kh8 47. Bb3 Qc1+ 48. Rxc1 bxc1=Q+ 49. Kh2 Qh6 0-1

[Event "*** Titled Tuesday Blitz"]
[Site "Chess.com"]
[Date "2020.11.24"]
[Round "10"]
[White "sasko1234"]
[Black "theblitzchamp"]
[Result "0-1"]
[WhiteElo "2469"]
[BlackElo "2600"]
[TimeControl "180+1"]
[EndTime "12:14:03 PST"]
[Termination "theblitzchamp won by checkmate"]

1. Nf3 d5 2. d4 Nf6 3. Bf4 c6 4. e3 Bf5 5. c3 e6 6. Nbd2 Nbd7 7. Be2 h6 8. O-O Be7 9. Ne5 O-O 10. f3 Nh5 11. Nxd7 Qxd7 12. Be5 f6 13. Bg3 Nxg3 14.
hxg3 Bh7 15. Re1 e5 16. Nf1 Rae8 17. Bd3 e4 18. fxe4 dxe4 19. Bc4+ Kh8 20. Be2 Bd6 21.
Bc4 Qf5 22. Qe2 Qg5 23. Qf2 f5 24. a4 a5 25. Rab1 Rf6 26. b4 axb4 27. cxb4 Ref8 28. b5 Rg6 29. bxc6 bxc6 30. a5 c5 31. dxc5 Bxc5 32. a6 Bg8 33. Bxg8 Kxg8 34. Rec1 Qe7 35. Qe2 Kh7 36. Qc4 Bb6 37. Qb5 f4 38. gxf4 Rxf4 39. Rc6 Rxf1+ 40. Kxf1 Qf7+ 41. Ke1 Bxe3 42. Rxg6 Qf2+ 43.
Kd1 Qd2# 0-1

[Event "*** Titled Tuesday Blitz"]
[Site "Chess.com"]
[Date "2020.11.24"]
[Round "10"]
[White "Mambastik-Fantastic"]
[Black "Itk04"]
[Result "0-1"]
[WhiteElo "2305"]
[BlackElo "2454"]
[TimeControl "180+1"]
[EndTime "12:14:04 PST"]
[Termination "Itk04 won on time"]

1. e4 c5 2. Nf3 d6 3. d4 cxd4 4. Nxd4 Nf6 5. Nc3 a6 6. Be3 e5 7. Nb3 Be7 8. Qd2 Be6 9. O-O-O Nbd7 10. f4 Qc7 11. f5 Bc4 12. g4 h6 13. h4 Rc8 14. Kb1 b5 15. Bd3 a5 16. g5 Ng4 17.
Bxc4 bxc4 18. Nd5 Qb8 19. Nxa5 Bd8 20. Qc3 Qb5 21. Bd2 Nf2 22. a4 Qxa4 23. Nb7 Qa6 24.
Qb4 Nc5 25. Nxd8 Kxd8 26. Be3 Nxd1 27. Rxd1 Ra8 28. Kc1 Nxe4 29. Bb6+ Kd7 30. c3 Qa1+ 31.
Kc2 Qa4+ 32. Qxa4+ Rxa4 33. Be3 hxg5 34. hxg5 Kc6 35. b3 Rh2+ 0-1

[Event "*** Titled Tuesday Blitz"]
[Site "Chess.com"]
[Date "2020.11.24"]
[Round "10"]
[White "romulocardoso"]
[Black "Ladislav1969"]
[Result "1-0"]
[WhiteElo "2157"]
[BlackElo "2328"]
[TimeControl "180+1"]
[EndTime "12:14:04 PST"]
[Termination "romulocardoso won on time"]

1. e4 c5 2. Nf3 e6 3. d4 cxd4 4. Nxd4 a6 5. Nc3 b5 6. Be2 Bb7 7. f3 d6 8. Be3 Nf6 9. Qd2 Nbd7 10.
O-O-O Be7 11. Kb1 Nc5 12. g4 b4 13. Na4 Nxa4 14. Qxb4 Nc5 15. Nf5 exf5 16. Bxc5 Qc7 17. Bb6 Qc6 18. g5 Nd7 19. Bd4 O-O 20. exf5 Bxg5 21.
Rhg1 f6 22. h4 Bh6 23. Bf2 Rac8 24. c3 Nc5 25. Bc4+ Kh8 26. Bd5 Qxd5 27. Rxd5 Bxd5 28. Qb6 Bxf3 29. Qxd6 Ne4 30. Qh2 Nd2+ 31. Ka1 Rfd8 32. Bd4 Nc4 33. Qg3 Be4 34. h5 Bxf5 35. Qh4 Ne5 36.
Rf1 Bd3 37. Rf2 Nd7 38. Qg4 1-0

[Event "*** Titled Tuesday Blitz"]
[Site "Chess.com"]
[Date "2020.11.24"]
[Round "10"]
[White "Korchmar_Vasiliy"]
[Black "Gogolev_Artemy"]
[Result "1-0"]
[WhiteElo "2597"]
[BlackElo "2471"]
[TimeControl "180+1"]
[EndTime "12:14:05 PST"]
[Termination "Korchmar_Vasiliy won on time"]

1. e4 c6 2. Nf3 d5 3. Nc3 dxe4 4. Nxe4 Nd7 5. d4 Ngf6 6. Ng3 g6 7. Bd3 Bg7 8. O-O O-O 9. Re1 c5 10. c3 cxd4 11.
Nxd4 Nc5 12. Bc2 Bg4 13. f3 Bd7 14. Be3 Rc8 15. Nb3 Na4 16. Rb1 Qc7 17. Nd4 Nb6 18. Bb3 e6 19. Qc1 Rfd8 20. Bf4 Qc5 21. Kh1 Nbd5 22. Be5 h6 23. Qc2 b5 24. a3 a5 25. Qe2 b4 26. axb4 axb4 27. c4 Ne7 28. Rbd1 Be8 29. Bxf6 Bxf6 30. Ne4 Qe5 31. f4 Qxd4 32. Rxd4 Bxd4 33. c5 Bc6 34. Nd6 Rc7 35.
Nxf7 Kxf7 36. Qxe6+ Kg7 37. Qf7+ Kh8 38. Rxe7 Rxe7 39.
Qxe7 Re8 40. Qh4 Kg7 41. f5 Re2 42. Qxd4+ 1-0

[Event "*** Titled Tuesday Blitz"]
[Site "Chess.com"]
[Date "2020.11.24"]
[Round "10"]
[White "MokshanovAlexey"]
[Black "Kislov_Oleg"]
[Result "1-0"]
[WhiteElo "2615"]
[BlackElo "2392"]
[TimeControl "180+1"]
[EndTime "12:14:07 PST"]
[Termination "MokshanovAlexey won on time"]

1. e4 e6 2. d4 d5 3. e5 c5 4. c3 Qb6 5. Nf3 Nc6 6. a3 c4 7.
Be2 Bd7 8. O-O Na5 9. Nbd2 Ne7 10. Rb1 Qc7 11. Re1 Nc8 12. Nf1 Nb6 13. Bf4 Nb3 14.
N3d2 Ba4 15. Nxb3 Bxb3 16. Qd2 h6 17. h4 O-O-O 18. h5 Qd7 19. Bg4 Be7 20. Bh3 Qe8 21. Bh2 Qg8 22. f4 Qh7 23. Ne3 Qd3 24. Qf2 Qh7 25.
f5 Qg8 26. f6 gxf6 27. exf6 Bd6 28. Bxd6 Rxd6 29. Ng4 Nd7 30. Ne5 Nxe5 31. dxe5 Rb6 32.
Re3 Qh7 33. Rc1 Rg8 34. Rg3 Kb8 35. Rxg8+ Qxg8 36. Re1 Rc6 37. Re3 Qg5 38. Qg3 Qxh5 39. Qg7 Bc2 40. Qf8+ Rc8 41. Qd6+ Ka8 42. Bxe6 fxe6 43.
Qxe6 Qd1+ 44. Kh2 Qh5+ 45. Rh3 Qe8 46. Qxe8 Rxe8 47. f7 Rf8 48. e6 Bf5 49. e7 1-0

[Event "*** Titled Tuesday Blitz"]
[Site "Chess.com"]
[Date "2020.11.24"]
[Round "10"]
[White "santosalberto1987"]
[Black "DonPreuss"]
[Result "0-1"]
[WhiteElo "2411"]
[BlackElo "2240"]
[TimeControl "180+1"]
[EndTime "12:14:07 PST"]
[Termination "DonPreuss won by resignation"]

1. e4 e5 2. Nf3 d5 3. Nxe5 Bd6 4.
d4 dxe4 5. Bc4 Bxe5 6. Qh5 Qe7 7. dxe5 Nc6 8. Bf4 g6 9. Qe2 Nxe5 10. Bb3 Nf6 11.
Nc3 Bf5 12. O-O-O Bg4 13. f3 exf3 14. Qxe5 fxg2 15. Rhe1 Qxe5 16. Bxe5 O-O 17. Bxf6 Bxd1 18. Nxd1 Rfe8 19. Rg1 Re2 20. Bc4 Rf2 21. Bd4 Rf4 22. c3 c5 23. Be3 Rxc4 24. Rxg2 Re8 25. Kd2 h5 26. Bg5 Rg4 27. Rxg4 hxg4 28. Ne3 f5 29. Nd5 Kf7 30. Kd3 Rh8 31. Bf4 g5 32. Bxg5 Rxh2 33. Kc4 Rxb2 34. a4 g3 35. Kxc5 g2 36. Be3 Rb1 37.
Kd6 g1=Q 38. Bxg1 Rxg1 39. Kc7 Rb1 40. c4 Ke6 41. a5 Ke5 42. Kb8 f4 43. Kxa7 f3 44.
Ne3 Kd4 45. Ng4 Kxc4 0-1

[Event "*** Titled Tuesday Blitz"]
[Site "Chess.com"]
[Date "2020.11.24"]
[Round "10"]
[White "dpopadic"]
[Black "OMGCovid-19"]
[Result "1-0"]
[WhiteElo "2332"]
[BlackElo "1873"]
[TimeControl "180+1"]
[EndTime "12:14:08 PST"]
[Termination "dpopadic won on time"]

1. e4 e6 2. Nf3 d5 3. e5 c5 4. b4 cxb4 5. d4 Nc6 6. a3 bxa3 7. c3 Nge7 8. Bd3 Nf5 9. Nxa3 Be7 10.
h4 O-O 11. h5 f6 12. g4 fxe5 13. dxe5 Nh6 14. Rg1 Nf7 15. Qe2 Ng5 16. Bxg5 Bxg5 17.
Nb5 Rxf3 18. Qxf3 Nxe5 19. Qe2 Nxd3+ 20. Qxd3 e5 21. c4 d4 22. c5 Be6 23. Nd6 Qc7 24. Ne4 Bh4 25. g5 Rf8 26. Rh1 Bf5 27. Rxh4 Bxe4 28. Rxe4 Qxc5 29. Kf1 Rf5 30. g6 Rxh5 31.
Qb3+ Kh8 32. Rae1 hxg6 33. Qf3 Qc4+ 34. Kg2 Rg5+ 35. Kh3 Rh5+ 36. Rh4 Rxh4+ 37. Kxh4 d3+ 38. Qg4 1-0

[Event "*** Titled Tuesday Blitz"]
[Site "Chess.com"]
[Date "2020.11.24"]
[Round "10"]
[White "MIJuanReyesRosa"]
[Black "annamaja"]
[Result "0-1"]
[WhiteElo "2064"]
[BlackElo "2275"]
[TimeControl "180+1"]
[EndTime "12:14:08 PST"]
[Termination "annamaja won on time"]

1. d4 d5 2. c4 c6 3. Nc3 Nf6 4. Nf3 e6 5. e3 Bd6 6. Bd3 O-O 7. O-O dxc4 8. Bxc4 b5 9. Bd3 Bb7 10. e4 Be7 11. e5 Nd5 12. Ne4 Nd7 13. Re1 g6 14. Bh6 Re8 15. Bg5 Bxg5 16. Nfxg5 f5 17. Nd6 Qxg5 18. Nxb7 Nf4 19. Qf3 Reb8 20. Nd6 c5 21. Bxb5 Rd8 22. Bc4 cxd4 23. g3 Nh3+ 24. Kg2 Qg4 25. Bxe6+ Kg7 26. Bxd7 Qxf3+ 27. Kxf3 Rxd7 28.
Nc4 Ng5+ 29. Kf4 Ne6+ 30. Kf3 Rc8 31. b3 d3 32. Rad1 Nd4+ 33. Ke3 Nc2+ 34. Kd2 Nxe1 35. Rxe1 Re8 36. Nd6 Re6 37. Kxd3 Rdxd6+ 38. exd6 Rxe1 0-1

[Event "*** Titled Tuesday Blitz"]
[Site "Chess.com"]
[Date "2020.11.24"]
[Round "10"]
[White "Trickov"]
[Black "GMKrikor"]
[Result "0-1"]
[WhiteElo "2357"]
[BlackElo "2693"]
[TimeControl "180+1"]
[EndTime "12:14:09 PST"]
[Termination "GMKrikor won on time"]

1. d4 Nf6 2. Nf3 g6 3. c4 Bg7 4.
g3 d5 5. Bg2 dxc4 6. Na3 c3 7.
bxc3 O-O 8. O-O c5 9. Nc4 Nc6 10. Nfe5 Nd5 11. Nxc6 bxc6 12. Bb2 Rb8 13. Rb1 Ba6 14.
Ne5 Bxe5 15. dxe5 Qc7 16. Qc2 Bc4 17. Ba3 Qxe5 18. Bxc5 Rxb1 19. Rxb1 Nxc3 20. Rb4 Nxe2+ 21. Kh1 Qxc5 22. Qxc4 Qxf2 23. Rb1 Nd4 24. Rf1 Qe3 25. Bxc6 Nxc6 26. Qxc6 Qb6 27. Qc4 Qb7+ 28. Kg1 e6 29. h4 h5 30. Qf4 Qd5 31. Rf2 a5 32. Kh2 e5 33. Qf6 e4 34. Qf4 Re8 0-1

[Event "*** Titled Tuesday Blitz"]
[Site "Chess.com"]
[Date "2020.11.24"]
[Round "10"]
[White "PavelShkapenko"]
[Black "SerGo055"]
[Result "1-0"]
[WhiteElo "2695"]
[BlackElo "2513"]
[TimeControl "180+1"]
[EndTime "12:14:10 PST"]
[Termination "PavelShkapenko won by resignation"]

1. e4 d5 2. exd5 Qxd5 3. Nf3 Nf6 4. d4 Bg4 5. Be2 Nc6 6. c4 Qh5 7. Be3 O-O-O 8. Nbd2 e5 9. d5 Nd4 10. Nxd4 exd4 11.
Bxg4+ Nxg4 12. Bxd4 Re8+ 13. Kf1 Qf5 14. Qf3 Qg6 15. g3 Bb4 16. Nb3 h5 17. h4 Qc2 18.
Kg2 Qxc4 19. Rac1 Qb5 20. Rc2 Bd6 21. Rhc1 Re7 22. Bc5 Bxc5 23. Rxc5 Qb6 24. Nd4 Rd8 25. Nf5 Red7 26. d6 c6 27. Rxc6+ bxc6 28. Rxc6+ Kb8 29. Rxb6+ axb6 30. Ne7 Rxd6 31. Nc6+ Kc7 32. Nxd8 Rxd8 33. Qxf7+ Rd7 34. Qxh5 Nf6 35. Qe2 Rd5 36. Qc2+ Rc5 37. Qg6 Nd5 38. Qxg7+ Kc6 39. h5 Nb4 40. h6 Nd3 41.
Qg6+ Kc7 42. Qxd3 1-0

[Event "*** Titled Tuesday Blitz"]
[Site "Chess.com"]
[Date "2020.11.24"]
[Round "10"]
[White "AbdAlAgathos"]
[Black "zala02"]
[Result "1-0"]
[WhiteElo "2375"]
[BlackElo "2164"]
[TimeControl "180+1"]
[EndTime "12:14:10 PST"]
[Termination "AbdAlAgathos won on time"]

1. e4 c5 2. Nf3 Nc6 3. Bb5 g6 4.
Bxc6 dxc6 5. d3 Bg7 6. h3 Nf6 7.
Be3 Nd7 8. Nc3 e5 9. Qd2 h6 10.
g4 b6 11. a4 Nf8 12. a5 Bd7 13. Ne2 Ne6 14. c3 b5 15. a6 Rb8 16. Ng3 Bc8 17. O-O h5 18. gxh5 gxh5 19. Nf5 Bf6 20.
Kh1 Ng7 21. Nxg7+ Bxg7 22. Bxc5 Bxh3 23. Rg1 Bf6 24. Bxa7 Ra8 25. Be3 Bg4 26. Nh2 Qd7 27.
Bg5 Qe6 28. Qe3 Rg8 29. Bxf6 Qxf6 30. Nxg4 hxg4 31. Rg3 Qh4+ 32. Kg2 Rh8 33. Rg1 Rxa6 34. Kf1 Ra1+ 35. Ke2 Rxg1 36. Rxg1 Qh5 37. Kd2 Qg6 38. Qc5 Qe6 39. Rxg4 Rh2 40. Rg8+ Kd7 41. Qa7+ 1-0

[Event "*** Titled Tuesday Blitz"]
[Site "Chess.com"]
[Date "2020.11.24"]
[Round "10"]
[White "esapunov"]
[Black "Beca95"]
[Result "1-0"]
[WhiteElo "2822"]
[BlackElo "2912"]
[TimeControl "180+1"]
[EndTime "12:14:11 PST"]
[Termination "esapunov won on time"]

1. c4 g6 2. g3 Bg7 3. Bg2 c5 4.
Nc3 Nc6 5. e3 d6 6. Nge2 h5 7. h3 e5 8. a3 a5 9. d3 Nge7 10. Rb1 Be6 11. e4 f5 12. Bg5 Qd7 13. Nd5 Bxd5 14. cxd5 Nd4 15. Nxd4 cxd4 16. h4 Bh6 17.
Bxe7 Kxe7 18. Bh3 Rac8 19. Kf1 Kf6 20. Kg2 Qf7 21. b4 a4 22. Qxa4 Rc3 23. Qd1 Kg7 24.
a4 Rf8 25. Rf1 fxe4 26. dxe4 Rf3 27. Rb2 Be3 28. a5 d3 29. Kh1 Bd4 30. Rd2 Bxf2 31. Rxd3 Rf6 32. Kg2 Ba7 33. Rxf6 Qxf6 34. Rf3 Qxf3+ 35.
Qxf3 Rxf3 36. Kxf3 Bd4 37. Bc8 Bc3 38. Bxb7 Bxb4 39.
a6 Bc5 40. Bc8 Kf6 41. Bd7 g5 42. Be8 gxh4 43. gxh4 Ba7 44. Bxh5 Bb6 45. Be8 Ba7 46. Kg4 Bb6 47. h5 Kg7 48. Kg5 1-0

[Event "*** Titled Tuesday Blitz"]
[Site "Chess.com"]
[Date "2020.11.24"]
[Round "10"]
[White "Hercog"]
[Black "KetiGrant"]
[Result "1-0"]
[WhiteElo "2296"]
[BlackElo "2394"]
[TimeControl "180+1"]
[EndTime "12:14:11 PST"]
[Termination "Hercog won on time"]

1. d4 Nf6 2. c4 g6 3. Nc3 Bg7 4. e4 d6 5. f3 O-O 6. Be3 c5 7. Nge2 Nc6 8. d5 Ne5 9. Ng3 e6 10. Be2 exd5 11. cxd5 a6 12. a4 h5 13. O-O Nh7 14. Qd2 h4 15. Nh1 h3 16. g3 f5 17.
Nf2 fxe4 18. Nfxe4 Bd7 19. Nxd6 Bg4 20. Nxb7 Qc7 21.
fxg4 Qxb7 22. Bxc5 Rxf1+ 23. Rxf1 Nf6 24. Bd4 Nxd5 25.
Bxe5 Nxc3 26. Bc4+ Kh7 27. Bxc3 Bh6 28. Rf7+ Qxf7 29. Qxh6+ Kxh6 30. Bxf7 Rd8 31. Be6 Kg5 32. Kf2 Rd1 33. Bc8 Rh1 34. Bd2+ Kf6 35. g5+ Ke5 36. Bf4+ 1-0

[Event "*** Titled Tuesday Blitz"]
[Site "Chess.com"]
[Date "2020.11.24"]
[Round "10"]
[White "Savagelittlemole"]
[Black "beautroll"]
[Result "1-0"]
[WhiteElo "2559"]
[BlackElo "2422"]
[TimeControl "180+1"]
[EndTime "12:14:14 PST"]
[Termination "Savagelittlemole won by resignation"]

1. e4 c5 2. Ne2 d6 3. g3 Nf6 4.
Bg2 g6 5. O-O Nc6 6. c3 Bg7 7.
d4 O-O 8. h3 Qc7 9. Be3 b6 10.
Nd2 Bb7 11. Kh2 Rac8 12. d5 Nb8 13. c4 a6 14. Nc3 e6 15. Re1 Nbd7 16. Nf3 Rfe8 17.
dxe6 fxe6 18. Bf4 Ne5 19. Bxe5 dxe5 20. Qe2 Nd7 21. Rad1 Nb8 22. Rd2 Nc6 23. Qd1 Nd4 24. a3 Bc6 25. Ng1 b5 26. cxb5 axb5 27. h4 h5 28. Nh3 b4 29. axb4 cxb4 30. Ne2 Bd7 31. Ng5 Bf6 32. Nxd4 exd4 33. e5 Bxe5 34. Qb1 Kg7 35.
Be4 Rf8 36. Qd3 Rf6 37. f4 Bd6 38. Qxd4 e5 39. fxe5 Bxe5 40. Qxd7+ Qxd7 41. Rxd7+ Kg8 42. Bd5+ Kf8 43. Nh7+ Ke8 44. Nxf6+ Kf8 45. Rxe5 Rc2+ 46. Kh3 1-0

[Event "*** Titled Tuesday Blitz"]
[Site "Chess.com"]
[Date "2020.11.24"]
[Round "10"]
[White "Fandorine"]
[Black "LiamVrolijk"]
[Result "0-1"]
[WhiteElo "2861"]
[BlackElo "2814"]
[TimeControl "180+1"]
[EndTime "12:14:16 PST"]
[Termination "LiamVrolijk won by resignation"]

1. f4 d5 2. g3 h5 3. Nf3 h4 4. Bg2 h3 5. Bf1 Bf5 6. d3 Nf6 7. e3 c5 8. Qe2 Nc6 9. Nc3 e6 10. a3 a6 11. Qf2 Ng4 12. Qg1 d4 13. Nd1 dxe3 14. Nxe3 Be7 15. Be2 Bf6 16. Nxf5 exf5 17.
Qxc5 Qd7 18. Bd2 Nd4 19. Nxd4 Bxd4 20. Qb4 Bf2+ 21. Kd1 a5 22. Qb3 O-O 23. Bf3 Rfe8 24. Kc1 Rac8 25. Kb1 b5 26. a4 b4 27. Ka2 Ne3 28. Rac1 g6 29. Bxe3 Bxe3 30. Bd5 Bxc1 31. Rxc1 Re2 32. Bc4 Rxh2 33. Re1 Rg2 34. d4 h2 35. Bd5 Rgxc2 36. g4 R8c3 37. Bxf7+ Kg7 38. Qe6 Qxf7 39. d5 Qxe6 40. dxe6 Rc8 41. gxf5 gxf5 42. Kb3 Rg2 43. e7 Re8 44. Re2 Rxe2 0-1

[Event "*** Titled Tuesday Blitz"]
[Site "Chess.com"]
[Date "2020.11.24"]
[Round "10"]
[White "Zq1"]
[Black "Julianos82"]
[Result "1/2-1/2"]
[WhiteElo "2586"]
[BlackElo "2366"]
[TimeControl "180+1"]
[EndTime "12:14:17 PST"]
[Termination "Game drawn by repetition"]

1. d4 d5 2. c4 dxc4 3. e4 Nc6 4. Be3 e5 5. d5 Nce7 6. Bxc4 a6 7. a4 Nf6 8. f3 Ng6 9. Ne2 Bd6 10. g3 O-O 11. h4 Bd7 12. Nbc3 Rb8 13. h5 Ne7 14. h6 g6 15. Bg5 Ne8 16. Qd3 f6 17. Be3 Kh8 18.
g4 g5 19. Ng3 Ng6 20. Nh5 Nf4 21. Nxf4 exf4 22. Bd4 Be5 23. a5 Nd6 24. Bxe5 fxe5 25. Kf2 Qe7 26. Kg2 Rf6 27. Bb3 Rbf8 28. Ba4 Bxg4 29.
fxg4 f3+ 30. Kf2 Rf4 31. Rag1 Qf6 32. Bd7 Qg6 33. Bf5 Nxf5 34. exf5 Qd6 35. Ne4 Qb4 36. Re1 Rxg4 37. Rhg1 Qxb2+ 38. Qd2 Qxd2+ 39. Nxd2 Rd4 40. Ne4 Rxf5 41. Rxg5 Rxg5 42. Nxg5 Rxd5 43. Rxe5 Rxe5 44. Nf7+ Kg8 45. Nxe5 b6 46. axb6 cxb6 47. Kxf3 Kf8 48. Kf4 a5 49. Nc4 a4 50. Na3 Kf7 51. Kf5 Ke7 52. Nb5 Kf7 53. Na3 Ke7 54. Nb5 Kf7 55.
Na3 1/2-1/2

[Event "*** Titled Tuesday Blitz"]
[Site "Chess.com"]
[Date "2020.11.24"]
[Round "10"]
[White "Ural_bogatyr"]
[Black "davidkalashian"]
[Result "1/2-1/2"]
[WhiteElo "2414"]
[BlackElo "2531"]
[TimeControl "180+1"]
[EndTime "12:14:17 PST"]
[Termination "Game drawn by repetition"]

1. e4 c5 2. Nf3 d6 3. d4 cxd4 4. Qxd4 Nc6 5. Bb5 Bd7 6. Bxc6 Bxc6 7. Nc3 Nf6 8. Bg5 e6 9. O-O-O Be7 10. Qd3 O-O 11. Nd4 Rc8 12. f4 Qa5 13. Kb1 h6 14. h4 Rfe8 15. f5 e5 16. Nb3 Qc7 17. Bxf6 Bxf6 18. Qxd6 Qxd6 19. Rxd6 Be7 20. Rd3 Red8 21. Nd5 Bxd5 22. Rxd5 Rxd5 23. exd5 b5 24. g3 Bd6 25.
Nd2 Rc5 26. c3 Rxd5 27. Kc2 Be7 28. Ne4 h5 29. Rd1 Rxd1 30. Kxd1 g6 31. fxg6 f5 32. Nf2 Kg7 33. Nd3 Bd6 34. Ke2 e4 35. Nf4 Bxf4 36. gxf4 Kxg6 37. Ke3 Kf6 38. Kd4 Ke6 39. b3 Kd6 40.
Ke3 Kd5 41. Ke2 a5 42. Ke3 Kc5 43. Ke2 b4 44. c4 Kd4 45. Kd2 a4 46. Ke2 a3 47.
Kd2 Kc5 48. Ke3 Kc6 49. Kd2 Kd6 50. Ke2 Kc6 51. Kd2 Kb6 52. Ke2 Kc5 53. Ke3 Kd6 54.
Ke2 Kd7 55. Kd2 Kc7 56. Ke2 Kb7 57. Kd2 Kb6 58. Ke2 Kc6 59. Kd2 1/2-1/2

[Event "*** Titled Tuesday Blitz"]
[Site "Chess.com"]
[Date "2020.11.24"]
[Round "10"]
[White "ChessicallyInclined"]
[Black "Vuk2000"]
[Result "1-0"]
[WhiteElo "2563"]
[BlackElo "2715"]
[TimeControl "180+1"]
[EndTime "12:14:21 PST"]
[Termination "ChessicallyInclined won by resignation"]

1. d4 Nf6 2. c4 e6 3. Nc3 Bb4 4. e3 O-O 5. Ne2 d5 6. a3 Be7 7. cxd5 exd5 8. Nf4 a5 9. Bd3 b6 10. O-O Ba6 11. Bxa6 Nxa6 12. Qf3 c6 13. Bd2 Bd6 14. Nd3 Re8 15. Rfd1 Ne4 16. Be1 b5 17.
Rac1 Qe7 18. Ne2 Qc7 19. g3 b4 20. a4 b3 21. Nef4 Qb6 22. Bc3 Nb4 23. Nc5 Bxc5 24. dxc5 Qc7 25. Bd4 Nc2 26. Rd3 Rab8 27. Nh5 f6 28.
Qg4 Qf7 29. f3 Nxd4 30. exd4 Ng5 31. Nf4 Re7 32. h4 Ne6 33. Nxe6 Rxe6 34. Kf2 Rb4 35. Rcc3 Qe7 36. Re3 Kf7 37. Qh5+ g6 38. Qxh7+ Ke8 39.
Qxg6+ Kd7 40. Rxe6 Qxe6 41. Re3 Rxd4 42. Rxe6 Kxe6 43.
Qg8+ Kd7 44. Qf7+ Kc8 45. Qxf6 Rd2+ 46. Ke3 1-0

[Event "*** Titled Tuesday Blitz"]
[Site "Chess.com"]
[Date "2020.11.24"]
[Round "10"]
[White "pastouche06"]
[Black "VinzentSpitzl"]
[Result "1-0"]
[WhiteElo "2529"]
[BlackElo "2378"]
[TimeControl "180+1"]
[EndTime "12:14:22 PST"]
[Termination "pastouche06 won on time"]

1. d4 d5 2. c4 e6 3. Nc3 Bb4 4.
e3 Nf6 5. a3 Bxc3+ 6. bxc3 c6 7. Nf3 O-O 8. Bd3 b6 9. O-O Ba6 10. cxd5 Bxd3 11. Qxd3 cxd5 12. c4 dxc4 13. Qxc4 Qd5 14.
Qe2 Nbd7 15. Bb2 Rfc8 16. Rac1 h6 17. Qa6 Rxc1 18. Rxc1 Qa2 19. Qb5 a6 20. Qb4 a5 21.
Qb5 a4 22. Ra1 Qd5 23. Qxd5 exd5 24. Rc1 Ne4 25. Rc7 Ndf6 26. Ne5 Rb8 27. Nc6 Ra8 28. Nb4 Nd2 29. f3 Nc4 30. Bc1 Rd8 31. Kf2 Na5 32. Nc6 Nxc6 33. Rxc6 Rb8 34. Bd2 Kf8 35.
Bb4+ Ke8 36. Rc7 Nd7 37. e4 dxe4 38. fxe4 b5 39. e5 Kd8 40. Ra7 Rc8 41. Ke3 Ke8 42.
Ke4 Nb6 43. Re7+ Kd8 44. Rxf7 Rc1 45. e6 Nc8 46. Rd7+ Ke8 47. Rxg7 1-0

[Event "*** Titled Tuesday Blitz"]
[Site "Chess.com"]
[Date "2020.11.24"]
[Round "10"]
[White "GelmanAlexander"]
[Black "frederiksvane"]
[Result "0-1"]
[WhiteElo "2584"]
[BlackElo "2734"]
[TimeControl "180+1"]
[EndTime "12:14:24 PST"]
[Termination "frederiksvane won by checkmate"]

1. d4 Nf6 2. Nc3 d5 3. Bf4 g6 4. e3 Bg7 5. h4 c6 6. Nf3 h5 7.
Ne5 Nbd7 8. Qd2 Kf8 9. f3 Nxe5 10. Bxe5 Nd7 11. Bh2 e5 12. O-O-O Qf6 13. Kb1 exd4 14. exd4 Bh6 15. Qf2 Kg7 16. Bd3 Bf4 17. Bxf4 Qxf4 18. Ne2 Qf6 19. Ng3 Nf8 20. Rde1 Ne6 21. Re5 Bd7 22.
c3 Rae8 23. Rhe1 Nf4 24. Bc2 Rxe5 25. dxe5 Qe7 26. e6 Bxe6 27. Qxa7 Qxh4 28. Qf2 Qf6 29. Nf1 h4 30. Ne3 Rh5 31. Rh1 Re5 32. a3 c5 33. Qd2 Qg5 34. Re1 Qg3 35. Rd1 Qg5 36. Re1 h3 37. gxh3 Nxh3 38. Rh1 Qxe3 39. Qg2 d4 40. f4 Nxf4 41. Qxb7 d3 42. Ba4 Qe1+ 43. Rxe1 Rxe1+ 44. Bd1 Rxd1# 0-1